 Dungeon Crawl Stone Soup version 0.29-a0-323-g050149af67 (webtiles) character file.

Game seed: 5492249737890163443

1369 greenreed the Insei (level 8, -1/61 HPs)
             Began as a Gnoll Transmuter on Apr 10, 2022.
             Was an Initiate of Ashenzari.
             Slain by a gnoll sergeant
             ... wielding a +0 trident of distortion
              (3 damage)
             ... on level 6 of the Dungeon.
             The game lasted 00:26:27 (7249 turns).

greenreed the Insei (Gnoll Transmuter)              Turns: 7249, Time: 00:26:27

Health: -1/61      AC:  4    Str: 10    XL:     8   Next: 65%
Magic:  22/26      EV: 14    Int: 14    God:    Ashenzari [......]
Gold:   311        SH:  0    Dex: 13    Spells: 1/19 levels left

rFire   . . .      SeeInvis .   v - +1 mace (protect)
rCold   . . .      Faith    .   (no shield)
rNeg    + . .      Spirit   .   s - +2 robe {rN+}
rPois   .          Reflect  .   (helmet currently unavailable)
rElec   .          Harm     .   (no cloak)
rCorr   .          Rampage  .   (no gloves)
Will    .....                   (boots currently unavailable)
Stlth   ++........              (no amulet)
HPRegen 0.20/turn               A - ring of wizardry
MPRegen 0.20/turn               x - ring of magical power

@: appendages, wereblooded
A: horns 2, talons 2, fangs 1, strong nose, distributed training
a: End Transformation, Renounce Religion, Curse Item


You were on level 6 of the Dungeon.
You worshipped Ashenzari.
Ashenzari was noncommittal.
You had temporarily grown beastly horns and talons.
You visited 2 branches of the dungeon, and saw 7 of its levels.

You collected 311 gold pieces.

Inventory:

Hand Weapons
 h - a +0 hunting sling
 t - a +3 dagger of speed
 v - a +1 mace of protection (weapon)
Missiles
 d - 2 throwing nets
Armour
 a - a +0 robe
 s - a +2 robe of positive energy (worn)
 w - an orb of light
Jewellery
 c - a +4 ring of protection
 x - a ring of magical power (right hand)
 A - a ring of wizardry (left hand)
 B - a ring of ice
Scrolls
 e - 3 scrolls of teleportation {unknown}
 f - a scroll of torment {unknown}
 l - 2 scrolls of enchant weapon
 o - 2 scrolls of fear
 p - a scroll of immolation {unknown}
 u - a scroll of blinking {unknown}
 y - a scroll of magic mapping {unknown}
Potions
 b - 3 potions of lignification
 g - a potion of cancellation {unknown}
 i - 2 potions of heal wounds {unknown}
 j - 2 potions of degeneration
 k - 2 potions of mutation {unknown}
 m - 3 potions of curing {unknown}
 n - a potion of berserk rage {unknown}
 q - a potion of ambrosia {unknown}
 r - 2 potions of haste {unknown}
 z - 2 potions of flight {unknown}


   Skills:
 + Level 4.3 Fighting
 + Level 3.4 Short Blades
 + Level 3.4 Long Blades
 + Level 3.4 Axes
 + Level 3.4 Maces & Flails
 + Level 3.4 Polearms
 + Level 3.4 Staves
 + Level 3.4 Slings
 + Level 3.4 Bows
 + Level 3.4 Crossbows
 + Level 3.4 Throwing
 + Level 3.4 Armour
 + Level 5.8 Dodging
 + Level 3.4 Stealth
 + Level 3.4 Shields
 + Level 7.4 Unarmed Combat
 + Level 6.1 Spellcasting
 + Level 2.8 Conjurations
 + Level 2.8 Hexes
 + Level 2.8 Summonings
 + Level 2.8 Necromancy
 + Level 2.8 Translocations
 + Level 4.8 Transmutations
 + Level 2.8 Fire Magic
 + Level 2.8 Ice Magic
 + Level 2.8 Air Magic
 + Level 2.8 Earth Magic
 + Level 2.8 Poison Magic
 + Level 3.8 Invocations
 + Level 3.4 Evocations


You had one spell level left.
You knew the following spells:

 Your Spells              Type           Power      Damage    Failure   Level
a - Beastly Appendage     Tmut           34%        N/A       1%          1
b - Wereblood             Tmut           17%        N/A       1%          2
c - Slow                  Hex            48%        N/A       1%          1
d - Scorch                Fire           24%        2d6       3%          2
e - Spider Form           Tmut/Pois      15%        N/A       4%          3
f - Confusing Touch       Hex            12%        N/A       6%          3
g - Summon Lightning Spi  Summ/Air       12%        N/A       19%         4
h - Blink                 Tloc           24%        N/A       3%          2

Your spell library contained the following spells:

 Spells                   Type           Power      Damage    Failure   Level
 Dazzling Flash           Conj/Hex       24%        N/A       6%          3
 Portal Projectile        Hex/Tloc       24%        N/A       6%          3
 Vampiric Draining        Necr           12%        2d6       6%          3
 Ice Form                 Ice/Tmut       15%        N/A       13%         4
 Flame Wave               Conj/Fire      12%        2d6       19%         4
 Iskenderun's Mystic Bla  Conj/Tloc      12%        2d5       19%         4
 Blade Hands              Tmut           8%         N/A       24%         5
 Excruciating Wounds      Necr           6%         N/A       45%         5
 Manifold Assault         Tloc           12%        N/A       45%         5
 Starburst                Conj/Fire      6%         6d4       95%         6
 Summon Cactus Giant      Summ           6%         N/A       95%         6
 Storm Form               Tmut/Air       7%         N/A       100%        7
 Maxwell's Capacitive Co  Air            6%         ∞         100%        8


Dungeon Overview and Level Annotations

Branches:
Dungeon (6/15)             Temple (1/1) D:5

Altars:
Ashenzari
Cheibriados
Dithmenos
Elyvilon
Fedhas
Gozag
Hepliaklqana
Kikubaaqudgha
Makhleb
Nemelex Xobeh
Okawaru
Qazlal
Ru
Sif Muna
Trog
Uskayaw
Vehumet
Wu Jian
Xom
Yredelemnul
The Shining One

Shops:
D:5 [   D:6 =


Innate Abilities, Weirdness & Mutations

You have temporarily grown beastly horns and talons.
You have very sharp teeth.
Your uncanny sense of smell can sniff out nearby items.
Your experience applies equally to all skills.


Message History

You closely miss the gnoll. You headbutt the gnoll! Your bite misses the gnoll.
The gnoll is severely wounded.
The gnoll hits you with a +0 whip!
The gnoll sergeant hits you from afar with a +0 trident of distortion!
Space warps around you.
You hit the gnoll but do no damage.
Your weapon exudes an aura of protection.
You claw the gnoll.
You feel a bit better.
You kill the gnoll!
You howl as the wereblood boils in your veins!
The gnoll sergeant hits you from afar with a +0 trident of distortion.
Space warps around you.
You howl as the wereblood boils in your veins!
Casting: Wereblood (safe; 1% risk of failure)
Confirm with . or Enter, or press ? or * to list all spells.
Aiming: Slow (safe; 1% risk of failure)
Press: ? - help, Shift-Dir - straight line, f/p - gnoll sergeant
Aim: a gnoll sergeant, wielding a +0 trident of distortion and wearing a +0 ring mail (chance to affect: 50%)
The gnoll sergeant resists with significant effort.
The gnoll sergeant hits you from afar with a +0 trident of distortion!
* * * LOW HITPOINT WARNING * * *
Space warps around you.
* * * LOW HITPOINT WARNING * * *
Casting: Slow (safe; 1% risk of failure)
Confirm with . or Enter, or press ? or * to list all spells.
Aiming: Slow (safe; 1% risk of failure)
Press: ? - help, Shift-Dir - straight line, f/p - gnoll sergeant
Aim: a gnoll sergeant, wielding a +0 trident of distortion and wearing a +0 ring mail (chance to affect: 50%)
The gnoll sergeant resists with significant effort.
The gnoll sergeant misses you.
Casting: Slow (safe; 1% risk of failure)
Confirm with . or Enter, or press ? or * to list all spells.
Aiming: Slow (safe; 1% risk of failure)
Press: ? - help, Shift-Dir - straight line, f/p - gnoll sergeant
Aim: a gnoll sergeant, wielding a +0 trident of distortion and wearing a +0 ring mail (chance to affect: 50%)
The gnoll sergeant seems to slow down.
The gnoll sergeant hits you from afar with a +0 trident of distortion!
* * * LOW HITPOINT WARNING * * *
Space warps around you.
You die... #.....##.# #.......#### #####.##<# #.......# #.######...#...########## #.#....'...#...'g.g...... #...####.#.#)#.##... ... ##### #.#.#g#...∆ ggg

#.#.#g# ### ### #.#.#.#
#.# #.#.#@# #.# #.#.#.#
#.# #.#.#.# #.# #...#.#
#.# ###.#.# #.#
######...## #.#####
#.........# #.#...#
#.####.##.# #####.#.#.#
#.#.......####.....#.#.#


You could see a gnoll sergeant (slow) and a gnoll.

Vanquished Creatures
  An ice beast (D:6)
  An ogre (D:6)
  2 phantoms
  2 bullfrogs
  4 scorpions
  2 jellies
  2 orc priests
  A gnoll shaman (D:5)
  Crazy Yiuf (D:4)
  2 hounds
  2 iguanas (D:4)
  7 orc wizards
  8 gnolls
  4 adders
  A white imp (D:5)
  An ufetubus (D:5)
  2 worms
  3 dart slugs
  16 orcs
  6 ball pythons
  4 endoplasms
  A giant cockroach (D:4)
  3 hobgoblins
  4 jackals
  7 kobolds
  3 quokkas
  3 bats
  5 frilled lizards (D:2)
  7 goblins
  3 rats
108 creatures vanquished.

Vanquished Creatures (others)
  An orc wizard (D:6)
1 creature vanquished.

Grand Total: 109 creatures vanquished

Notes
Turn   | Place    | Note
-------+----------+-------------------------------------------
     0 | D:1      | greenreed the Gnoll Transmuter began the quest for the Orb.
     0 | D:1      | Reached XP level 1. HP: 17/17 MP: 6/6
   109 | D:1      | Found a faded altar of an unknown god.
   475 | D:1      | Reached XP level 2. HP: 23/23 MP: 7/7
   849 | D:1      | Prayed at the altar of an unknown god.
   849 | D:1      | Became a worshipper of Qazlal Stormbringer
   849 | D:1      | Reached * piety under Qazlal
  1034 | D:2      | Learned a level 2 spell: Wereblood
  1293 | D:2      | Reached skill level 5 in Spellcasting
  1293 | D:2      | Reached XP level 3. HP: 24/28 MP: 7/9
  1488 | D:2      | Reached skill level 1 in Invocations
  2190 | D:3      | Reached skill level 1 in Short Blades
  2190 | D:3      | Reached skill level 1 in Long Blades
  2190 | D:3      | Reached skill level 1 in Axes
  2190 | D:3      | Reached skill level 1 in Maces & Flails
  2190 | D:3      | Reached skill level 1 in Polearms
  2190 | D:3      | Reached skill level 1 in Staves
  2190 | D:3      | Reached skill level 1 in Slings
  2190 | D:3      | Reached skill level 1 in Bows
  2190 | D:3      | Reached skill level 1 in Crossbows
  2190 | D:3      | Reached skill level 1 in Throwing
  2190 | D:3      | Reached skill level 1 in Armour
  2190 | D:3      | Reached skill level 1 in Stealth
  2190 | D:3      | Reached skill level 1 in Shields
  2190 | D:3      | Reached skill level 1 in Evocations
  2300 | D:3      | Reached XP level 4. HP: 28/34 MP: 7/11
  2309 | D:3      | Reached ** piety under Qazlal
  2378 | D:3      | Learned a level 1 spell: Slow
  2534 | D:3      | Reached skill level 1 in Conjurations
  2534 | D:3      | Reached skill level 1 in Hexes
  2534 | D:3      | Reached skill level 1 in Summonings
  2534 | D:3      | Reached skill level 1 in Necromancy
  2534 | D:3      | Reached skill level 1 in Translocations
  2534 | D:3      | Reached skill level 1 in Fire Magic
  2534 | D:3      | Reached skill level 1 in Ice Magic
  2534 | D:3      | Reached skill level 1 in Air Magic
  2534 | D:3      | Reached skill level 1 in Earth Magic
  2534 | D:3      | Reached skill level 1 in Poison Magic
  2556 | D:3      | Reached XP level 5. HP: 6/40 MP: 9/12
  3435 | D:4      | Reached XP level 6. HP: 47/47 MP: 11/13
  3505 | D:4      | Learned a level 2 spell: Scorch
  3509 | D:4      | Learned a level 3 spell: Spider Form
  3560 | D:4      | Reached skill level 5 in Dodging
  4366 | D:4      | Found a runed translucent door.
  4367 | D:4      | Noticed Crazy Yiuf
  4393 | D:4      | Killed Crazy Yiuf
  4394 | D:4      | Reached XP level 7. HP: 21/52 MP: 12/15
  4603 | D:5      | Entered Level 5 of the Dungeon
  4638 | D:5      | Reached skill level 7 in Unarmed Combat
  4767 | D:5      | Found Ukhunic's Armour Shoppe.
  4955 | D:5      | Found a staircase to the Ecumenical Temple.
  4964 | Temple   | Entered the Ecumenical Temple
  5061 | Temple   | Fell from the grace of Qazlal
  5062 | Temple   | Became a worshipper of Ashenzari the Shackled
  5625 | D:5      | Reached XP level 8. HP: 60/60 MP: 16/16
  6158 | D:6      | Learned a level 3 spell: Confusing Touch
  6163 | D:6      | Learned a level 4 spell: Summon Lightning Spire
  6166 | D:6      | Learned a level 2 spell: Blink
  6174 | D:6      | Found Resananu's Jewellery Shop.
  7249 | D:6      | HP: 2/61 [gnoll sergeant/+0 trident of distortion (11)]
  7249 | D:6      | Slain by a gnoll sergeant

Illustrated notes

Levels and vault maps discovered:
D:1:      co_arrival_random_square_maze, layout_basic,
          chequers_ecumenical_altar_island
D:2:      wad_crossroads, layout_loops_corners, chequers_garden
D:3:      layout_basic, kennysheep_minor_cross
D:4:      layout_gridville, uniq_crazy_yiuf_cottage
D:5:      layout_loops_ring, minmay_temple_entry_arrows, serial_shops,
          nicolae_take_the_stairs
D:6:      layout_basic, serial_shops, nicolae_shop_competitors_out_of_business,
          serial_co_window_serial, co_window_paths_b, co_window_corner_a,
          co_window_corner_a, co_window_corner_a, co_window_corner_a,
          co_window_paths_b, co_window_paths_a, co_window_broadway_c,
          co_window_cross_2, co_window_paths_c, co_window_unsneaky_path_b,
          glass_columns_c, hangedman_decor_clover_reticule,
          minmay_a_box_with_orc_wizards_in_it
Temple:   mainiacjoe_temple_archimedes_tessellation

Skill      XL: |  1  2  3  4  5  6  7  8 |
---------------+-------------------------+-----
Spellcasting   | 5 6 |  6.1
Invocations    | 1 2 3 |  3.8
Short Blades   | 1 2 3 |  3.4
Long Blades    | 1 2 3 |  3.4
Axes           | 1 2 3 |  3.4
Maces & Flails | 1 2 3 |  3.4
Polearms       | 1 2 3 |  3.4
Staves         | 1 2 3 |  3.4
Slings         | 1 2 3 |  3.4
Bows           | 1 2 3 |  3.4
Crossbows      | 1 2 3 |  3.4
Throwing       | 1 2 3 |  3.4
Armour         | 1 2 3 |  3.4
Stealth        | 1 2 3 |  3.4
Shields        | 1 2 3 |  3.4
Evocations     | 1 2 3 |  3.4
Conjurations   | 1 2 |  2.8
Hexes          | 1 2 |  2.8
Summonings     | 1 2 |  2.8
Necromancy     | 1 2 |  2.8
Translocations | 1 2 |  2.8
Fire Magic     | 1 2 |  2.8
Ice Magic      | 1 2 |  2.8
Air Magic      | 1 2 |  2.8
Earth Magic    | 1 2 |  2.8
Poison Magic   | 1 2 |  2.8
Fighting       | 3 4 |  4.3
Transmutations | 4 |  4.8
Dodging        | 5 |  5.8
Unarmed Combat | 7 |  7.4

Action                   |  1- 3 |  4- 6 |  7- 9 || total
-------------------------+-------+-------+-------++-------
Melee: Unarmed           |   124 |   102 |    29 ||   255
       Kick              |    13 |    16 |    10 ||    39
       Headbutt          |     9 |     7 |     8 ||    24
       Punch             |     3 |     4 |     6 ||    13
       Bite              |     4 |     8 |    14 ||    26
       Mace              |       |       |   116 ||   116
 Fire: Hunting sling     |     3 |       |       ||     3
 Cast: Beastly Appendage |    14 |    12 |     6 ||    32
       Wereblood         |     1 |     3 |     3 ||     7
       Scorch            |       |     6 |    18 ||    24
       Spider Form       |       |     2 |     2 ||     4
       Slow              |       |     1 |     7 ||     8
       Confusing Touch   |       |       |     3 ||     3
Invok: Renounce Religion |       |       |     1 ||     1
  Use: Scroll            |       |       |     3 ||     3
 Stab: Confused          |       |       |     1 ||     1
       Sleeping          |       |       |     1 ||     1
Armor: Robe              |    38 |    10 |    46 ||    94
       Skin              |       |       |     1 ||     1
Dodge: Dodged            |    72 |    57 |   129 ||   258
Block: Other             |     4 |    10 |     9 ||    23

Table legend: (Time is in decaauts)
 A = Elapsed time spent in this place.
 B = Non-inter-level travel time spent in this place.
 C = Inter-level travel time spent in this place.
 D = Time resting spent in this place.
 E = Time spent auto-exploring this place.
 F = Levels seen in this place.
 G = Mean time per level.
                   A        B        C        D        E       F      G
               +--------+--------+--------+--------+--------+-----+--------+
         Total |   7252 |   6959 |    293 |    201 |   5530 |   7 | 1036.0 |
       Dungeon |   7013 |   6741 |    272 |    201 |   5336 |   6 | 1168.8 |
        Temple |    238 |    217 |     21 |      0 |    194 |   1 |  238.0 |
               +--------+--------+--------+--------+--------+-----+--------+

Top non-repeatable levels by time:
     D:4: 1455 daAuts
     D:6: 1408 daAuts
     D:2: 1160 daAuts
     D:3: 1088 daAuts
     D:5: 1020 daAuts
     D:1: 880 daAuts
  Temple: 238 daAuts
